 Dungeon Crawl Stone Soup version 0.21-a0-450-gd87a9b2 (webtiles) character file.

739 mortelune the Skirmisher (level 7, -8/46 HPs)
             Began as a Gargoyle Fighter on Nov 20, 2017.
             Killed from afar by Duvessa (9 damage)
             ... with a wand of acid (?/15)
             ... on level 5 of the Dungeon.
             The game lasted 00:09:08 (3304 turns).

mortelune the Skirmisher (Gargoyle Fighter)         Turns: 3304, Time: 00:09:09

Health: -8/46      AC: 13    Str: 21    XL:     7   Next: 75%
Magic:  7/7        EV:  8    Int: 12    God:
Gold:   234        SH:  9    Dex:  9    Spells: 6/6 levels left

rFire    + . .     SeeInvis .   a - +1 flail
rCold    + + .     Gourm    .   c - +0 shield
rNeg     + . .     Faith    .   r - +2 ring mail {rC+}
rPois    ∞         Spirit   .   (no helmet)
rElec    +         Reflect  .   (no cloak)
rCorr    +         Harm     .   (no gloves)
MR       .....                  (no boots)
Stlth    ..........             (no amulet)
HPRegen  0.15/turn              v - +3 ring of intelligence
MPRegen  0.10/turn              (no ring)

@: about to teleport, resistant
A: negative energy resistance 1, electricity resistance, unbreathing,
petrification resistance, rot immunity, AC +4
a: no special abilities


You were on level 5 of the Dungeon.
You were not hungry.

You visited 1 branch of the dungeon, and saw 5 of its levels.

You collected 234 gold pieces.

Inventory:

Hand Weapons
 a - a +1 flail (weapon)
Armour
 b - a +0 scale mail
 c - a +0 shield (worn)
 l - a +0 chain mail
 r - a +2 ring mail of cold resistance (worn)
Jewellery
 v - a +3 ring of intelligence (left hand)
Wands
 h - a wand of lightning (11/15)
 j - a wand of confusion (20/48)
 p - a wand of flame (29/48)
Scrolls
 e - 9 scrolls of remove curse
 g - a scroll of teleportation
 s - a scroll of enchant armour {unknown}
 u - a scroll of blinking
 w - a scroll of fear {unknown}
Potions
 k - a potion of flight
 n - a potion of lignification
 o - a potion of curing {unknown}
 q - a potion of degeneration
 t - a potion of cancellation {unknown}
Comestibles
 f - 3 bread rations
 i - 3 royal jellies


   Skills:
 + Level 6.2 Fighting
 + Level 5.1 Maces & Flails
 + Level 6.1 Armour
 - Level 3.2 Shields


You had 6 spell levels left.
You didn't know any spells.

Dungeon Overview and Level Annotations

Branches:
Dungeon (5/15)
 Temple: D:4-7

Altars:
Gozag
Ru
Trog

Shops:
D:4 %

Annotations:
D:5 Dowan, Duvessa


Innate Abilities, Weirdness & Mutations

You are resistant to torment.
Your stone body is resilient. (AC +4)
You are immune to poison.
You resist negative energy. (rN+)
You are resistant to electric shocks. (rElec)
You can survive without breathing.
You are immune to petrification.
You are immune to rotting.


Message History

Dowan, Brother of Duvessa comes into view.
He is wielding a dagger.
Dowan shouts!
Items here: ) [[ ÷ a ring mail; a dagger of venom; a robe; an orc skeleton You now have 234 gold pieces (gained 13).
Items here: ) [[ ÷ a whip; a leather armour; a ring mail; an orc skeleton Dowan casts a spell at Duvessa.
Duvessa seems to speed up.
Duvessa zaps a wand.
The bolt of acid hits you!
* * * LOW HITPOINT WARNING * * *
You are splashed with acid!
The acid burns!
* * * LOW HITPOINT WARNING * * *
It is a wand of acid (?/15).
As you read the scroll of teleportation, it crumbles to dust.
You feel strangely unstable.
You feel protected. You block Duvessa's attack.
Duvessa zaps a wand.
The bolt of acid hits you! You resist.
You die...

......#####.##.# .....## #.##.#
!..
.....######.##.#.............
.....##.....##.#...... ...e
.....##......#.#...... .e.
.....##......#.# ....# #.# .
.....##........# ...# #.####.#
......#.....#..#####.##
##.......
......#.........@....)###$.$)#
......#.......>...e..e)[.....#
......#...............###....#
......#...............# #....#
##....#.........................
#....#...............###....##..
###########..........# #....# .
#..........# #.###. ############
#.# .#


You could see Duvessa and Dowan.

Vanquished Creatures
  2 phantoms
  2 ogres (D:5)
  2 crimson imps (D:5)
  An orc priest (D:5)
  An orc wizard (D:5)
  An iguana (D:5)
  2 worker ants
  5 adders
  7 gnolls
  4 worms
  A dart slug (D:3)
  2 leopard geckos
  4 orcs (D:5)
  6 bats
  9 giant cockroaches
  2 goblins (D:1)
  6 hobgoblins
  5 kobolds
  2 quokkas (D:2)
  2 ball pythons
  A ball python zombie (D:5)
  3 frilled lizards
  2 jackal skeletons
  A quokka skeleton (D:4)
  7 rats
80 creatures vanquished.

Notes
Turn   | Place    | Note
-------+----------+-------------------------------------------
     0 | D:1      | mortelune the Gargoyle Fighter began the quest for the Orb.
     0 | D:1      | Reached XP level 1. HP: 14/14 MP: 1/1
    18 | D:1      | Reached XP level 2. HP: 18/19 MP: 2/2
   456 | D:2      | Reached XP level 3. HP: 24/24 MP: 3/3
  1111 | D:3      | Reached XP level 4. HP: 24/29 MP: 4/4
  1235 | D:3      | Found a sacrificial altar of Ru.
  1383 | D:3      | Reached XP level 5. HP: 24/34 MP: 5/5
  2002 | D:4      | Found Duhuaho's Food Shop.
  2114 | D:4      | Found an opulent altar of Gozag.
  2296 | D:4      | Noticed a phantom
  2315 | D:4      | Killed a phantom
  2315 | D:4      | Reached skill level 5 in Fighting
  2315 | D:4      | Reached skill level 5 in Armour
  2315 | D:4      | Reached XP level 6. HP: 36/40 MP: 6/6
  2613 | D:5      | Entered Level 5 of the Dungeon
  2686 | D:5      | Found a bloodstained altar of Trog.
  2764 | D:5      | Reached XP level 7. HP: 43/44 MP: 7/7
  3283 | D:5      | Reached skill level 5 in Maces & Flails
  3290 | D:5      | Noticed Duvessa
  3292 | D:5      | Noticed Dowan
  3301 | D:5      | HP: 1/46 [acid (11)]
  3304 | D:5      | Killed from afar by Duvessa

Vault maps used:
D:1:      dpeg_arrival_tiny_a
D:2:      eino_curves_02
D:3:      nicolae_ru_sacrificial_ziggurat
D:4:      kennysheep_little_box, first_bread, serial_shops, shop,
          kennysheep_generic_room_16
D:5:      gammafunk_temple_overflow_statue, serial_shops, nicolae_shop_trees,
          nicolae_shop_overgrown_old_shop, nrook_mini_backslash, bloody_trog,
          uniq_duvessa

Skill      XL: |  1  2  3  4  5  6  7 |
---------------+----------------------+-----
Armour         | 4 5 6 |  6.1
Fighting       | 4 5 6 |  6.2
Maces & Flails | 3 4 5 |  5.1
Shields        | |  3.2

Action                   |  1- 3 |  4- 6 |  7- 9 || total
-------------------------+-------+-------+-------++-------
Melee: Flail             |   151 |   151 |    64 ||   366
  Use: Scroll            |     7 |     2 |     1 ||    10
       Potion            |       |       |     2 ||     2
  Eat: Chunk             |       |     3 |       ||     3
       Meat ration       |       |     1 |       ||     1
Armor: Scale mail        |    53 |       |       ||    53
       Chain mail        |    51 |    55 |       ||   106
       Ring mail         |       |    40 |    21 ||    61
Dodge: Dodged            |    62 |    29 |    16 ||   107
Block: Shield            |    92 |    68 |    29 ||   189

Table legend:
 A = Spawn XP
 B = Non-spawn XP
 C = Spawn XP percentage of total XP
 D = Spawn monster count
 E = Non-spawn monster count
 F = Spawn count percentage of total count
 G = Total turns spent on level
                    A         B        C        D         E        F      G
               +---------+---------+-------+---------+---------+-------+---------
         Total |       0 |    1057 |   0.0 |       0 |      80 |   0.0 |  3304
               +---------+---------+-------+---------+---------+-------+---------
           D:1 |       0 |      28 |   0.0 |       0 |      18 |   0.0 |   435
           D:2 |       0 |      34 |   0.0 |       0 |      12 |   0.0 |   604
           D:3 |       0 |     135 |   0.0 |       0 |      23 |   0.0 |   733
           D:4 |       0 |     223 |   0.0 |       0 |      11 |   0.0 |   841
           D:5 |       0 |     637 |   0.0 |       0 |      16 |   0.0 |   691
               +---------+---------+-------+---------+---------+-------+---------
